 Dungeon Crawl Stone Soup version 0.19.1 (webtiles) character file.

499 Ladykiller69 the Shield-Bearer (level 7, 0/54 HPs)
             Began as a Formicid Fighter on Dec 14, 2016.
             Was a Believer of Cheibriados.
             Killed by nerve-wracking pain
             ... invoked by Menkaure
              (5 damage)
             ... on level 4 of the Dungeon.
             The game lasted 00:08:01 (3004 turns).

Ladykiller69 the Shield-Bearer (Formicid Fighter)   Turns: 3004, Time: 00:08:03

Health: 0/54       AC: 12    Str: 26    XL:     7   Next: 39%
Magic:  7/7        EV:  7    Int: 16    God:    Cheibriados [**....]
Gold:   111        SH: 11    Dex: 16    Spells: 0 memorised, 6 levels left

rFire  + . .     SeeInvis +     a - +0 war axe
rCold  . . .     Gourm    +     i - +0 chain mail
rNeg   . . .     Faith    .     c - +0 shield
rPois  .         Spirit   .     (helmet unavailable)
rElec  .         Reflect  .     B - +2 cloak
rCorr  .         Harm     .     (no gloves)
MR     .....                    (no boots)
Stlth  ..........               p - amulet of the gourmand
                                n - ring of stealth
                                k - ring of protection from fire

@: very slow
A: permanent stasis, dig shafts and tunnels, four strong arms, antennae 3
a: Dig, Shaft Self, Bend Time, Renounce Religion


You were on level 4 of the Dungeon.
You worshipped Cheibriados.
Cheibriados was pleased with you.
You were completely stuffed.

You visited 1 branch of the dungeon, and saw 4 of its levels.

You collected 111 gold pieces.

Inventory:

Hand Weapons
 a - a +0 war axe (weapon)
 A - a +2 quarterstaff of chaos
Missiles
 h - 6 tomahawks (quivered)
 l - 174 stones
Armour
 b - a +0 scale mail
 c - a +0 shield (worn)
 i - a +0 chain mail (worn)
 s - a +0 cloak
 B - a +2 cloak (worn)
Jewellery
 k - a ring of protection from fire (left hand)
 n - a ring of stealth (right hand)
 p - an amulet of the gourmand (around neck)
Wands
 z - a wand of polymorph (12/24)
 E - a wand of digging (12/24)
Scrolls
 e - 5 scrolls of remove curse {unknown}
 g - a scroll of fog {unknown}
 j - 3 scrolls of identify {unknown}
 m - 2 scrolls of recharging {unknown}
 o - 4 scrolls of enchant weapon {unknown}
 x - a scroll of amnesia {unknown}
 y - a scroll of fear {unknown}
Potions
 d - 3 potions of might
 q - 3 potions of lignification {unknown}
 r - a potion of magic {unknown}
 v - 2 potions of curing {unknown}
 w - a potion of haste {unknown}
 C - a potion of beneficial mutation {unknown}
Books
 D - a book of Misfortune

   Spells                             Type                      Level
   a - Confusing Touch                Hexes                        1
   b - Confuse                        Hexes                        3
   c - Gell's Gravitas                Hexes/Translocation          3
   d - Petrify                        Transmutation/Earth          4
   e - Metabolic Englaciation         Hexes/Ice                    5
   f - Yara's Violent Unravelling     Hexes/Transmutation          5
Comestibles
 f - 2 bread rations
 t - 7 chunks of flesh
 u - a meat ration


   Skills:
 - Level 4.2 Fighting
 * Level 5.5 Axes
 - Level 4.1 Armour
 + Level 5.8 Shields


You had 6 spell levels left.
You didn't know any spells.

Dungeon Overview and Level Annotations

Branches:
Dungeon (4/15)
 Temple: D:4-7

Altars:
Cheibriados
Kikubaaqudgha
Okawaru
Zin

Annotations:
D:4 Menkaure


Innate Abilities, Weirdness & Mutations

You are under a permanent stasis effect.
You can dig through walls and to a lower floor.
Your four strong arms can wield two-handed weapons with a shield.
You have a pair of large antennae on your head. (SInv)


Message History

Menkaure is heavily damaged.
Menkaure closely misses you.
You hit Menkaure.
Menkaure is severely damaged.
Menkaure calls on the powers of darkness!
Your body is wracked with pain!
* * * LOW HITPOINT WARNING * * *
You hit Menkaure.
Menkaure is almost destroyed.
Menkaure hits you.
* * * LOW HITPOINT WARNING * * *
You hit Menkaure.
Menkaure is almost destroyed.
Menkaure hits you.
* * * LOW HITPOINT WARNING * * *
You hit Menkaure.
Menkaure is almost destroyed.
Menkaure casts a spell at you. Pain shoots through your body!
You die...

## ### ... ..# #.#
#.# ###
#.###.#####.###@#
#.#......##.##M##
#.....##.##.###.#.#
#.....##.....†....#
#{#.#...M...#######
#.#.#.####.......#
#.#.#.# #.......#
#.....# #....{..#
###.### #.......#


You could see Menkaure.

Vanquished Creatures
  Sigmund (D:2)
  A howler monkey (D:4)
  A crimson imp (D:3)
  Crazy Yiuf (D:2)
  An orc priest (D:3)
  8 gnolls
  4 adders
  4 oozes
  2 leopard geckos
  9 orcs
  A giant cockroach (D:2)
  9 goblins
  8 hobgoblins
  2 jackals (D:4)
  2 quokkas
  3 ball pythons
  12 bats
  3 frilled lizards
  12 kobolds
  12 rats
96 creatures vanquished.

Notes
Turn   | Place    | Note
-------+----------+-------------------------------------------
     0 | D:1      | Ladykiller69 the Formicid Fighter began the quest for the Orb.
     0 | D:1      | Reached XP level 1. HP: 18/18 MP: 1/1
    84 | D:1      | Reached XP level 2. HP: 21/24 MP: 2/2
   230 | D:1      | Reached XP level 3. HP: 27/29 MP: 3/3
  1048 | D:2      | Noticed Sigmund
  1057 | D:2      | Killed Sigmund
  1057 | D:2      | Reached XP level 4. HP: 37/37 MP: 4/4
  1057 | D:2      | Reached XP level 5. HP: 42/42 MP: 5/5
  1057 | D:2      | Reached XP level 6. HP: 48/48 MP: 6/6
  1156 | D:2      | Found a glowing silver altar of Zin.
  1156 | D:2      | Found a snail-covered altar of Cheibriados.
  1162 | D:2      | Found an ancient bone altar of Kikubaaqudgha.
  1164 | D:2      | Became a worshipper of Cheibriados the Contemplative
  1168 | D:2      | Found a faded altar of an unknown god.
  1170 | D:2      | Found an iron altar of Okawaru.
  1558 | D:2      | Reached skill level 5 in Shields
  1675 | D:2      | Found a runed door.
  1724 | D:2      | Reached * piety under Cheibriados
  1758 | D:2      | Noticed Crazy Yiuf
  1763 | D:2      | Killed Crazy Yiuf
  2228 | D:3      | Reached XP level 7. HP: 45/54 MP: 7/7
  2231 | D:3      | Reached skill level 5 in Axes
  2407 | D:3      | Reached ** piety under Cheibriados
  2987 | D:4      | Noticed Menkaure
  3004 | D:4      | Killed from afar by Menkaure

Skill      XL: |  1  2  3  4  5  6  7 |
---------------+----------------------+-----
Shields        | 4 5 |  5.8
Fighting       | 4 |  4.2
Axes           | 3 4 5 |  5.5
Armour         | 4 |  4.1

Action                   |  1- 3 |  4- 6 |  7- 9 || total
-------------------------+-------+-------+-------++-------
Melee: War axe           |   106 |   113 |   105 ||   324
       Unarmed           |       |     2 |       ||     2
 Abil: Dig               |     1 |     3 |     1 ||     5
  Eat: Chunk             |     3 |    12 |     2 ||    17
Armor: Scale mail        |     3 |       |       ||     3
       Chain mail        |    34 |    36 |    48 ||   118
Dodge: Dodged            |    27 |    22 |    32 ||    81
Block: Shield            |    61 |    66 |    75 ||   202
